 Dungeon Crawl Stone Soup version 0.21-a0 (webtiles) character file.

12758 tyvek the Cleaver (level 11, -3/104 HPs)
             Began as a Minotaur Fighter on May 19, 2017.
             Was an Elder of Okawaru.
             Slain by an orc warrior
             ... wielding a +0 mace
              (10 damage)
             ... on level 2 of the Orcish Mines.
             The game lasted 00:17:33 (11622 turns).

tyvek the Cleaver (Minotaur Fighter)               Turns: 11622, Time: 00:17:34

Health: -3/104     AC: 17    Str: 21    XL:     11   Next: 66%
Magic:  8/14       EV: 11    Int:  7    God:    Okawaru [****..]
Gold:   1066       SH:  0    Dex: 14    Spells: 10/10 levels left

rFire    + . .     SeeInvis .   L - +2 battleaxe (flame)
rCold    . . .     Gourm    .   (shield currently unavailable)
rNeg     . . .     Faith    .   n - +2 chain mail {rF+}
rPois    .         Spirit   .   (helmet restricted)
rElec    .         Reflect  .   (no cloak)
rCorr    .         Harm     .   w - +0 pair of gloves "Foruo" {Dex+3}
MR       .....                  (no boots)
Stlth    ..........             (no amulet)
Regen    0.3/turn               (no ring)
MPRegen  0.2/turn               (no ring)

@: heroism, finesse, studying 2 skills
A: retaliatory headbutt, horns 2
a: Heroism, Renounce Religion


You were on level 2 of the Orcish Mines.
You worshipped Okawaru.
Okawaru was greatly pleased with you.
You were not hungry.

You visited 3 branches of the dungeon, and saw 13 of its levels.
You also visited: Bailey.

You collected 1066 gold pieces.


Innate Abilities, Weirdness & Mutations

You reflexively headbutt those who attack you in melee.
You have a pair of horns on your head.


   Skills:
 + Level 11.6(16.6) Fighting
 * Level 14.4(19.4) Axes
 + Level 11.1(16.1) Armour
 + Level 5.9(10.9) Shields
 + Level 5.6 Invocations


You had 10 spell levels left.
You didn't know any spells.

Inventory:

Hand Weapons
 a - a +1 war axe
 m - the +5 spear "Masyfyipp" {drain, rC+ MR+++ Int-3 SInv}
   (You found it on level 5 of the Dungeon)

   A truly terrible weapon, it drains the life of those it strikes.
   It affects your intelligence (-3).
   It protects you from cold.
   It affects your resistance to hostile enchantments.
   It lets you see invisible.
 L - a +2 battleaxe of flaming (weapon)
Missiles
 K - 7 curare-tipped needles {=f}
Armour
 c - a +1 shield
 n - a +2 chain mail of fire resistance (worn)
 w - the +0 pair of gloves "Foruo" (worn) {Dex+3}
   (You found it on level 7 of the Dungeon)

   It affects your dexterity (+3).
Wands
 h - a wand of polymorph (3/24)
 q - a wand of confusion (18/48)
 s - a wand of digging (12/24)
 y - a wand of acid (15/15)
 A - a wand of enslavement (12/24)
 F - a wand of acid (5/15)
Scrolls
 i - 2 scrolls of immolation {unknown}
 j - 7 scrolls of remove curse {@r2}
 k - 5 scrolls of teleportation {@r4}
 B - 3 scrolls of identify {@r1}
 D - a scroll of enchant armour
 E - 2 scrolls of fog
 M - a scroll of recharging
 P - a scroll of torment {unknown}
Potions
 b - a potion of brilliance
 d - 3 potions of might
 e - a potion of flight {unknown}
 g - 3 potions of cancellation
 l - 4 potions of resistance {unknown}
 o - a potion of ambrosia
 u - 2 potions of magic {unknown}
 v - 2 potions of mutation {!q}
 x - 3 potions of curing {@q1}
 z - a potion of degeneration {unknown}
 C - 2 potions of lignification {unknown}
 I - a potion of experience {unknown}
Books
 G - a manual of Shields {!d}
 H - a book of Necromancy

   Spells                             Type                      Level
   a - Pain                           Necromancy                   1
   b - Animate Skeleton               Necromancy                   1
   c - Vampiric Draining              Necromancy                   3
   d - Regeneration                   Charms/Necromancy            3
   e - Animate Dead                   Necromancy                   4
   f - Control Undead                 Necromancy                   4
 J - a manual of Fighting {!d}
 O - a book of Air

   Spells                             Type                      Level
   a - Shock                          Conjuration/Air              1
   b - Swiftness                      Charms/Air                   2
   c - Static Discharge               Conjuration/Air              3
   d - Airstrike                      Air                          4
   e - Lightning Bolt                 Conjuration/Air              5
Comestibles
 f - 5 bread rations {@e1}
 p - 4 meat rations {@e1}
 r - 2 royal jellies {@e3}
 t - 17 fruits {@e2}
 N - 5 chunks of flesh

Dungeon Overview and Level Annotations

Branches:
Dungeon (10/15)            Temple (1/1) D:5            Lair (0/6) D:10
    Orc (2/2) D:10
    Elf: Orc:2

Altars:
Ashenzari
Cheibriados
Dithmenos
Elyvilon
Fedhas
Gozag
Hepliaklqana
Kikubaaqudgha
Makhleb
Nemelex Xobeh
Okawaru
Qazlal
Ru
Sif Muna
Trog
Uskayaw
Vehumet
Wu Jian
Xom
Yredelemnul
Zin
The Shining One

Shops:
D:5 !   D:7 :   Orc:2 *

Annotations:
D:10 exclusion: oklob plant

........$#
###.......
#..$.....
##....o.# ##
#...))).#
#..#...ooo.#
#......oo###
#.$....ho..#
###....@o..#
#....To......
#$(.#..o.......
##.#........<..
####.#∩......#
#####o...##
...$. .....


You could see a troll, a warg, 3 orc warriors, an orc priest, an orc wizard and
6 orcs.


Message History

a dagger; a robe; an orc corpse An orc comes into view.
It is wielding a club.
The orc shouts!
The warg bites you!
* * * LOW HITPOINT WARNING * * *
The orc priest hits you with a flail.
* * * LOW HITPOINT WARNING * * *
The warg bites you!
* * * LOW HITPOINT WARNING * * *
The orc warrior hits you but does no damage.
You closely miss the orc priest. You slash the orc warrior!
You burn the orc warrior.
You hit the orc warrior but do no damage.
You hit the warg. You burn the warg.
The orc priest hits you but does no damage.
The orc warrior hits you from afar with a glaive.
* * * LOW HITPOINT WARNING * * *
An orc comes into view. It is wielding a flail.
The orc shouts!
The orc wizard begins to cast a cantrip, but forgets the words!
There is a stone staircase leading up here.
The warg bites you but does no damage.
The orc priest begins to cast a cantrip, but forgets the words!
The orc warrior hits you but does no damage.
The troll bites you!
* * * LOW HITPOINT WARNING * * *
The troll closely misses you. x2; The warg bites you.
* * * LOW HITPOINT WARNING * * *
The orc warrior hits you with a mace!
You die...

Skill      XL: |  1  2  3  4  5  6  7  8  9 10 11 |
---------------+----------------------------------+-----
Axes           | 3 4 5 6 8 10 12 13 14 | 14.4
Armour         | 4 5 6 7 9 10 11 | 11.1
Fighting       | 4 5 6 8 9 10 11 | 11.6
Invocations    | 2 4 5 |  5.6
Shields        | 5 |  5.9

Action                   |  1- 3 |  4- 6 |  7- 9 | 10-12 || total
-------------------------+-------+-------+-------+-------++-------
Melee: War axe           |   104 |   128 |    64 |     4 ||   300
       Headbutt          |    12 |    12 |    55 |    85 ||   164
       Spear             |       |       |   250 |   439 ||   689
       Battleaxe         |       |       |       |    67 ||    67
Invok: Heroism           |       |       |       |     2 ||     2
       Finesse           |       |       |       |     2 ||     2
  Use: Scroll            |       |     4 |    14 |       ||    18
       Potion            |       |       |     1 |     2 ||     3
  Eat: Chunk             |       |     9 |     4 |    11 ||    24
       Royal jelly       |       |       |     1 |     2 ||     3
       Meat ration       |       |       |     1 |       ||     1
Armor: Scale mail        |    69 |    61 |     4 |       ||   134
       Chain mail        |       |       |   102 |   182 ||   284
Dodge: Dodged            |    40 |    38 |    53 |   115 ||   246
Block: Shield            |    86 |    68 |   112 |   170 ||   436

Vault maps used:
D:1:      dpeg_arrival_subterranean_lakeside_camping
D:2:      first_bread
D:3:      gammafunk_temple_overflow_pools, serial_bayou_pond_d
D:4:      cheibrodos_thug_alley, nicolae_ru_path_of_blood, serial_curves,
          eino_curves_03, eino_curves_04, uniq_ijyb, uniq_robin
D:5:      minmay_temple_entry_statues_pillars, serial_shops,
          nicolae_shop_temple_entry_statues_fountains, serial_bayou_pond_d,
          uniq_pikel
D:6:      minmay_strange_pillars
D:7:      okawaru_humans, serial_shops, shop, basic_altar
D:8:      special_room, hangedman_ranch
D:9:      feat_on_display
D:10:     dpeg_oklobed_lair, david_orc_2, enter_bailey_2, lemuel_oklob_altar,
          uniq_sonja
Temple:   nicolae_temple_no_exploring_needed
Orc:1:    basic_altar
Orc:2:    st_orc_elflike, basic_altar, serial_shops, shop
Bailey:   bailey_polearm_flooded_kennysheep, bailey

Notes
Turn   | Place    | Note
-------+----------+-------------------------------------------
     0 | D:1      | tyvek the Minotaur Fighter began the quest for the Orb.
     0 | D:1      | Reached XP level 1. HP: 19/19 MP: 0/0
    64 | D:1      | Reached skill level 3 in Axes
    66 | D:1      | Reached XP level 2. HP: 18/27 MP: 1/1
   236 | D:1      | Reached skill level 4 in Armour
   256 | D:1      | Reached skill level 4 in Fighting
   282 | D:1      | Reached XP level 3. HP: 33/33 MP: 2/2
  1102 | D:2      | Reached skill level 4 in Axes
  1102 | D:2      | Reached XP level 4. HP: 38/41 MP: 3/3
  2055 | D:3      | Found a shattered altar of Ashenzari.
  2055 | D:3      | Found a shimmering altar of Xom.
  2057 | D:3      | Reached XP level 5. HP: 47/47 MP: 4/4
  2395 | D:4      | Noticed an ogre
  2402 | D:4      | Killed an ogre
  2402 | D:4      | Reached skill level 5 in Fighting
  2402 | D:4      | Reached skill level 5 in Axes
  2402 | D:4      | Reached skill level 5 in Armour
  2621 | D:4      | Reached XP level 6. HP: 54/56 MP: 5/5
  3174 | D:4      | Noticed Robin
  3185 | D:4      | Reached skill level 6 in Axes
  3200 | D:4      | Killed Robin
  3465 | D:4      | Found a sacrificial altar of Ru.
  3593 | D:4      | Noticed Ijyb
  3605 | D:4      | Killed Ijyb
  3605 | D:4      | Reached XP level 7. HP: 57/62 MP: 6/6
  3795 | D:4      | Reached skill level 6 in Fighting
  3795 | D:4      | Reached skill level 7 in Axes
  3802 | D:5      | Entered Level 5 of the Dungeon
  3884 | D:5      | Found a staircase to the Ecumenical Temple.
  3998 | D:5      | Found Cateh's Distillery.
  4027 | D:5      | Noticed Pikel
  4357 | D:5      | Killed Pikel
  4357 | D:5      | Reached skill level 8 in Axes
  4357 | D:5      | Reached skill level 6 in Armour
  4357 | D:5      | Reached XP level 8. HP: 34/71 MP: 7/7
  4567 | Temple   | Entered the Ecumenical Temple
  4638 | D:5      | Reached skill level 7 in Fighting
  4728 | D:5      | Got a steaming spear
  4729 | D:5      | Identified the +5 spear "Masyfyipp" {drain, rC+ MR+++ Int-3 SInv} (You found it on level 5 of the Dungeon)
  5351 | D:6      | Reached skill level 9 in Axes
  5351 | D:6      | Reached skill level 7 in Armour
  5649 | D:6      | Reached skill level 10 in Axes
  5778 | D:6      | Reached skill level 8 in Fighting
  5955 | D:6      | Reached XP level 9. HP: 81/81 MP: 8/8
  6091 | D:7      | Got a pair of bloodstained gloves
  6095 | D:7      | Found a snail-covered altar of Cheibriados.
  6129 | D:7      | Found Puekoxiv's Book Emporium.
  6206 | D:7      | Reached skill level 8 in Armour
  6459 | D:7      | Reached skill level 11 in Axes
  6513 | D:7      | Found an iron altar of Okawaru.
  6552 | D:7      | Became a worshipper of Warmaster Okawaru
  6667 | D:8      | Reached skill level 9 in Fighting
  6684 | D:8      | Reached skill level 1 in Invocations
  6761 | D:8      | Reached skill level 9 in Armour
  6822 | D:8      | Reached * piety under Okawaru
  6870 | D:8      | Reached skill level 2 in Invocations
  6892 | D:8      | Identified the cursed +0 pair of gloves "Foruo" {Dex+3} (You found it on level 7 of the Dungeon)
  6988 | D:8      | Reached skill level 12 in Axes
  6988 | D:8      | Reached XP level 10. HP: 72/91 MP: 10/10
  7008 | D:8      | Reached ** piety under Okawaru
  7034 | D:8      | Noticed a three-headed hydra
  7043 | D:8      | Killed a five-headed hydra
  7043 | D:8      | Reached skill level 3 in Invocations
  7935 | D:9      | Reached *** piety under Okawaru
  7935 | D:9      | Reached skill level 10 in Fighting
  7935 | D:9      | Reached skill level 13 in Axes
  8087 | D:9      | Reached skill level 4 in Invocations
  8121 | D:9      | Reached skill level 10 in Armour
  8436 | D:9      | Noticed a two-headed ogre
  8443 | D:9      | Killed a two-headed ogre
  8443 | D:9      | Reached **** piety under Okawaru
  8460 | D:10     | Entered Level 10 of the Dungeon
  8460 | D:10     | Found a flagged portal.
  8483 | Bailey   | Entered a bailey
  8504 | Bailey   | Reached XP level 11. HP: 65/101 MP: 13/13
  9455 | Bailey   | Reached ***** piety under Okawaru
  9952 | D:10     | Found a staircase to the Lair.
  9973 | D:10     | Noticed an oklob plant
 10110 | D:10     | Noticed Sonja
 10116 | D:10     | Noticed a two-headed ogre
 10126 | D:10     | Killed a two-headed ogre
 10126 | D:10     | Received a gift from Okawaru
 10126 | D:10     | Reached skill level 11 in Fighting
 10126 | D:10     | Reached skill level 14 in Axes
 10126 | D:10     | Reached skill level 4 in Shields
 10126 | D:10     | Reached skill level 5 in Invocations
 10167 | D:10     | Killed Sonja
 10182 | D:10     | HP: 10/102 [poisoned by Sonja]
 10187 | D:10     | HP: 7/102 [poisoned by Sonja]
 10193 | D:10     | HP: 6/102 [poisoned by Sonja]
 10199 | D:10     | HP: 6/102 [poisoned by Sonja]
 10569 | D:10     | Found a staircase to the Orcish Mines.
 10808 | D:10     | Reached skill level 5 in Shields
 10952 | D:10     | Found a bloodstained altar of Trog.
 11009 | Orc:1    | Entered Level 1 of the Orcish Mines
 11424 | Orc:1    | Found a shimmering altar of Xom.
 11437 | Orc:1    | Reached skill level 11 in Armour
 11589 | Orc:1    | Noticed a two-headed ogre
 11595 | Orc:1    | Killed a two-headed ogre
 11600 | Orc:2    | Entered Level 2 of the Orcish Mines
 11600 | Orc:2    | Found Pynwot's Assorted Antiques.
 11622 | Orc:2    | HP: 8/104 [troll (8)]
 11622 | Orc:2    | Slain by an orc warrior

Vanquished Creatures
  A hydra (D:8)
  3 two-headed ogres
  Sonja (D:10)
  Pikel (D:5)
  2 trolls (D:9)
  A hippogriff (D:7)
  2 dream sheep (D:8)
  A wyvern (D:8)
  2 humans (D:7)
  A wraith (D:10)
  2 yaks (D:8)
  2 water moccasins
  20 orc warriors
  3 ice beasts
  A black bear (D:7)
  A hornet zombie (D:10)
  8 ogres
  2 phantoms
  14 centaurs
  An eye of draining (D:7)
  6 big kobolds
  4 bullfrogs
  2 wyvern zombies
  A scorpion (D:9)
  5 killer bees (D:8)
  5 crimson imps
  3 howler monkeys (D:9)
  A centaur zombie (D:7)
  3 bullfrog skeletons
  6 hounds
  A jelly (D:7)
  3 orc priests
  13 orc wizards
  4 iguanas
  Ijyb (D:4)
  3 worker ants
  Robin (D:4)
  3 gnolls (D:4)
  A howler monkey skeleton (D:10)
  16 adders
  3 oozes
  An adder skeleton (D:4)
  2 worms (D:2)
  3 dart slugs
  6 leopard geckos
  75 orcs
  6 giant cockroaches
  18 goblins
  8 hobgoblins
  12 jackals
  3 quokkas
  3 ball pythons
  8 bats
  3 frilled lizards
  A giant cockroach zombie (D:6)
  A jackal skeleton (D:6)
  17 kobolds
  A leopard gecko skeleton (D:5)
  A quokka skeleton (D:8)
  2 quokka zombies (D:7)
  7 rats
332 creatures vanquished.

Vanquished Creatures (others)
  An adder (D:5)
1 creature vanquished.

Grand Total: 333 creatures vanquished
